 Dungeon Crawl Stone Soup version 0.21-b1-21-g86478ac (webtiles) character file.

917 Mgcat the Cleaver (level 8, -1/58 HPs)
             Began as a Human Berserker on Jan 4, 2018.
             Was a Priest of Trog.
             Slain by a quokka (2 damage)
             ... on level 5 of the Dungeon.
             The game lasted 00:19:31 (4047 turns).

Mgcat the Cleaver (Human Berserker)                 Turns: 4047, Time: 00:19:31

Health: -1/58      AC:  5    Str: 18    XL:     8   Next: 31%
Magic:  0/8        EV: 11    Int:  8    God:    Trog [***...]
Gold:   190        SH:  0    Dex: 14    Spells: 7/7 levels left

rFire    + . .     SeeInvis .   d - +3 mace (crush)
rCold    . . .     Gourm    .   (no shield)
rNeg     . . .     Faith    .   p - +0 ring mail
rPois    .         Spirit   +   (no helmet)
rElec    .         Reflect  .   (no cloak)
rCorr    .         Harm     .   (no gloves)
MR       ++...                  (no boots)
Stlth    +.........             q - amulet of guardian spirit
HPRegen  1.19/turn              (no ring)
MPRegen  0.11/turn              v - ring of protection from fire

@: lethally poisoned (-1 -> -8), berserk cooldown, regenerating, slowed, very
slow
A: no striking features
a: Berserk, Trog's Hand, Burn Spellbooks, Renounce Religion


You were on level 5 of the Dungeon.
You worshipped Trog.
Trog was most pleased with you.
You were not hungry.

You visited 1 branch of the dungeon, and saw 5 of its levels.

You collected 190 gold pieces.

Inventory:

Hand Weapons
 a - a +0 hand axe
 d - a +3 mace of crushing (weapon)
Armour
 b - a +0 animal skin
 p - a +0 ring mail (worn)
Jewellery
 m - an uncursed ring of fire
 q - an amulet of guardian spirit (around neck)
 v - a ring of protection from fire (right hand)
Scrolls
 e - a scroll of teleportation
 f - 3 scrolls of identify
 h - 3 scrolls of noise {unknown}
 k - 2 scrolls of remove curse
 o - 2 scrolls of random uselessness {unknown}
 r - a scroll of fog {unknown}
 t - 2 scrolls of fear {unknown}
 w - a scroll of amnesia {unknown}
Potions
 g - 2 potions of heal wounds {unknown}
 i - 4 potions of flight
 j - 5 potions of degeneration
 l - 2 potions of haste
 n - 3 potions of magic {unknown}
 s - a potion of curing {unknown}
 u - a potion of berserk rage {unknown}
 x - a potion of might {unknown}
Comestibles
 c - 4 rations


   Skills:
 - Level 3.0 Fighting
 + Level 9.5 Axes
 - Level 2.0 Armour
 - Level 2.0 Dodging


You had 7 spell levels left.
You didn't know any spells.

Dungeon Overview and Level Annotations

Branches:
Dungeon (5/15)
 Temple: D:4-7

Altars:
Qazlal
Wu Jian
Yredelemnul
The Shining One


Message History

You are no longer berserk.
You are exhausted.
You feel yourself slow down.
* * * LOW HITPOINT WARNING * * *
You feel very sick. The quokka bites you.
* * * LOW HITPOINT WARNING * * *
The gnoll barely misses you.
You don't know any spells.
Your skin crawls.
You feel resistant to hostile enchantments.
You feel quite a bit more hungry.
* * * LOW HITPOINT WARNING * * *
You feel very sick. The gnoll hits you with a club.
* * * LOW HITPOINT WARNING * * *
The quokka bites you.
* * * LOW HITPOINT WARNING * * *
The gnoll closely misses you. x2; The quokka bites you.
You die...

..<.# #. .#.## ..
#.. . .... #.
#########.########
#...........#
#.##.#..###.######
#.#..##gg.....#
#....%r@)#
###..#...#
#........#
....##.####
#######.# #.. ####


You could see 2 gnolls and a quokka.

Vanquished Creatures
  Grinder (D:3)
  An ogre (D:4)
  2 phantoms (D:4)
  A gnoll sergeant (D:5)
  A scorpion (D:4)
  A hound (D:4)
  A centaur skeleton (D:2)
  2 iguanas (D:4)
  A hound skeleton (D:4)
  11 gnolls
  4 adders
  2 oozes
  A worm (D:3)
  3 dart slugs
  6 leopard geckos
  4 orcs
  4 bats
  5 giant cockroaches
  6 goblins
  6 hobgoblins
  9 jackals
  4 kobolds
  2 quokkas
  9 frilled lizards
  8 rats
95 creatures vanquished.

Vanquished Creatures (others)
  5 toadstools (D:1)
5 creatures vanquished.

Grand Total: 100 creatures vanquished

Notes
Turn   | Place    | Note
-------+----------+-------------------------------------------
     0 | D:1      | Mgcat the Human Berserker began the quest for the Orb.
     0 | D:1      | Reached XP level 1. HP: 18/18 MP: 1/1
    35 | D:1      | Reached XP level 2. HP: 15/24 MP: 2/2
   545 | D:1      | Reached XP level 3. HP: 11/29 MP: 3/3
   751 | D:1      | Reached skill level 4 in Axes
  1568 | D:2      | Reached XP level 4. HP: 35/35 MP: 4/4
  1631 | D:2      | Reached skill level 5 in Axes
  1650 | D:2      | Reached ** piety under Trog
  2227 | D:3      | Reached XP level 5. HP: 41/41 MP: 5/5
  2341 | D:3      | Noticed Grinder
  2349 | D:3      | Paralysed by Grinder for 2 turns
  2355 | D:3      | Killed Grinder
  2355 | D:3      | Reached skill level 7 in Axes
  2355 | D:3      | Reached XP level 6. HP: 38/47 MP: 6/6
  2984 | D:4      | Reached XP level 7. HP: 52/52 MP: 5/7
  3206 | D:4      | Reached skill level 8 in Axes
  3306 | D:4      | Reached *** piety under Trog
  3493 | D:4      | Reached XP level 8. HP: 39/58 MP: 6/8
  3686 | D:4      | Found a basalt altar of Yredelemnul.
  3696 | D:4      | Reached skill level 9 in Axes
  3699 | D:4      | Found an ornate altar of the Wu Jian Council.
  3901 | D:4      | Found a glowing golden altar of the Shining One.
  3927 | D:4      | Found a basalt altar of Yredelemnul.
  3927 | D:4      | Found a stormy altar of Qazlal.
  3961 | D:5      | Entered Level 5 of the Dungeon
  4047 | D:5      | HP: 1/58 [quokka (2)]
  4047 | D:5      | Slain by a quokka

Skill      XL: |  1  2  3  4  5  6  7  8 |
---------------+-------------------------+-----
Axes           | 4 5 7 8 9 |  9.5
Fighting       | |  3.0
Armour         | |  2.0
Dodging        | |  2.0

Action                   |  1- 3 |  4- 6 |  7- 9 || total
-------------------------+-------+-------+-------++-------
Melee: Mace              |    64 |    90 |    93 ||   247
       Hand axe          |     1 |       |       ||     1
Invok: Berserk           |     1 |     2 |     1 ||     4
       Trog's Hand       |       |       |     1 ||     1
  Use: Scroll            |       |       |     5 ||     5
  Eat: Chunk             |     2 |     6 |     2 ||    10
       Ration            |       |       |     1 ||     1
Armor: Animal skin       |    13 |     3 |       ||    16
       Ring mail         |       |    29 |    32 ||    61
Dodge: Dodged            |    36 |    62 |    64 ||   162
